 Dungeon Crawl Stone Soup version 0.31-a0-479-g91c9547826 (console) character file.

Game seed: 1694441750343434231

37 Lexodia the Sneak (level 3, -13/16 HPs)
             Began as a Spriggan Enchanter on Aug 7, 2023.
             Killed from afar by Ijyb (15 damage)
             ... with a bolt of light
             ... on level 2 of the Dungeon.
             The game lasted 00:03:16 (1190 turns).

Lexodia the Sneak (Spriggan Enchanter)              Turns: 1190, Time: 00:03:17

Health: -13/16     AC:  2    Str:  4    XL:     3   Next: 23%
Magic:  0/8        EV: 17    Int: 18    God:
Gold:   45         SH:  0    Dex: 15    Spells: 5/7 levels left

rFire   . . .        a - +1 dagger
rCold   . . .        (no shield)
rNeg    . . .        b - +0 robe
rPois   .            (helmet restricted)
rElec   .            (no cloak)
rCorr   .            (gloves unavailable)
SInv    +            (boots unavailable)
Will    +....        (no amulet)
Stlth   +++          e - ring of willpower
HPRegen 0.22/turn    (no ring)
MPRegen 0.11/turn

%: no passive effects
@: very slightly contaminated, invisible, very quick
A: very small, no large weapons, unfitting armour, see invisible, speed 3
a: no special abilities


You were on level 2 of the Dungeon.
You visited 1 branch of the dungeon, and saw 2 of its levels.

You collected 45 gold pieces.

Inventory:

Hand Weapons
 a - a +1 dagger (weapon)
Armour
 b - a +0 robe (worn)
Jewellery
 e - a ring of willpower (left hand)
Scrolls
 d - a scroll of summoning {unknown}
 f - 3 scrolls of revelation {unknown}
 i - a scroll of poison {unknown}
 j - a scroll of vulnerability {unknown}
 k - a scroll of enchant armour {unknown}
 l - 5 scrolls of identify {unknown}
Potions
 c - a potion of invisibility
 g - a potion of heal wounds {unknown}
 h - 2 potions of might {unknown}
 m - a potion of curing {unknown}
 n - a potion of lignification {unknown}


   Skills:
 * Level 2.4 Short Blades
 - Level 2.6 Dodging
 + Level 5.0 Stealth
 + Level 2.9 Spellcasting
 + Level 3.8 Hexes
 * Level 0.6 Ice Magic


You had 5 spell levels left.
You knew the following spells:

 Your Spells              Type           Power      Damage    Failure   Level
a - Ensorcelled Hibernat  Hex/Ice        20%        N/A       10%         2

Your spell library contained the following spells:

 Spells                   Type           Power      Damage    Failure   Level
 Confusing Touch          Hex            16%        N/A       11%         3
 Tukima's Dance           Hex            16%        N/A       11%         3
 Dazzling Flash           Conj/Hex       18%        N/A       22%         3
 Malign Gateway           Summ/Tloc      1%         N/A       100%        7
 Summon Horrible Things   Summ           1%         N/A       100%        8


Dungeon Overview and Level Annotations

Branches:
Dungeon (2/15)

Altars:

Annotations:
D:2 Ijyb


Innate Abilities, Weirdness & Mutations

You are very small and have problems with some larger weapons.
You are too small for most types of armour.
You have supernaturally acute eyesight. (SInv)
You cover ground extremely quickly. (Speed+++)


Message History

A bat is nearby!
A bat is nearby!
Found a ring mail.
Found a stone staircase leading up.
Found a whip.
The bat barely misses you.
You see here a +0 whip.
The bat hits you but does no damage. The bat barely misses you.
The bat resists with significant effort.
Ijyb shouts!
The bat closely misses you. The bat closely misses you.
You miscast Ensorcelled Hibernation.
You are very lightly contaminated with residual magic.
Nothing appears to happen.
The bat misses you.
Ijyb zaps a wand.
The bolt of light hits you!
Ouch! That really hurt!
* * * LOW HITPOINT WARNING * * *
The bat misses you.
Huge Dmg: -87%(-14hp) hp: 13%(2hp)
Casting: Ensorcelled Hibernation (safe; 10% risk of failure)
Confirm with . or Enter, or press ? or * to list all spells.
Aiming: Ensorcelled Hibernation (safe; 10% risk of failure)
Press: ? - help, Shift-Dir - straight line, f - Ijyb, p - bat
Aim: Ijyb, wielding a +0 dagger, wearing a +3 leather armour and carrying a wand of light (chance to affect: 52%)
You miscast Ensorcelled Hibernation.
Nothing appears to happen.
The bat misses you.
A rat comes into view.
Casting: Ensorcelled Hibernation (safe; 10% risk of failure)
Confirm with . or Enter, or press ? or * to list all spells.
Aiming: Ensorcelled Hibernation (safe; 10% risk of failure)
Press: ? - help, Shift-Dir - straight line, f/p - Ijyb
Aim: Ijyb, wielding a +0 dagger, wearing a +3 leather armour and carrying a wand of light (chance to affect: 52%) Ijyb resists with significant effort.
The bat hits you.
* * * LOW HITPOINT WARNING * * *
Ijyb misses you.
Unknown command.
You fade into invisibility!
Ijyb zaps a wand.
The bolt of light hits you!
Ouch! That really hurt!
You die...

.##8.....8# #.
.##.......# #.##########
.##8.....8# #.#.[.......
.##.......# ...#.......
.##8.....8# #.......<.
.##.......# #......#.#.
.##8.....8# #).........
.)........######..#..##.
##..............@....#
#########.....gb.#..#
#...........#
#...........#
#.......###.# #.......#
.# #....r..# . #.......#
#


You could see Ijyb (unable to see you), a bat and a rat (unable to see you).

Vanquished Creatures
  3 ball pythons (D:1)
  An endoplasm (D:2)
  A giant cockroach (D:1)
  8 goblins
  4 hobgoblins (D:1)
  3 kobolds (D:1)
  2 quokkas (D:1)
  3 bats (D:1)
  2 frilled lizards (D:1)
  6 rats (D:1)
33 creatures vanquished.

Notes
Turn   | Place    | Note
-------+----------+-------------------------------------------
     0 | D:1      | Lexodia the Spriggan Enchanter began the quest for the Orb.
     0 | D:1      | Reached XP level 1. HP: 9/9 MP: 5/5
   116 | D:1      | Huge Dmg: 4 dmg
   117 | D:1      | Reached XP level 2. HP: 7/13 MP: 6/6
   152 | D:1      | Learned a level 2 spell: Ensorcelled Hibernation
   263 | D:1      | Huge Dmg: 3 dmg
   338 | D:1      | Huge Dmg: 5 dmg
   580 | D:1      | Huge Dmg: 3 dmg
   582 | D:1      | Huge Dmg: 3 dmg
   666 | D:1      | Reached skill level 5 in Stealth
   866 | D:1      | Reached XP level 3. HP: 16/16 MP: 8/8
   968 | D:2      | Noticed Ijyb
  1017 | D:2      | Huge Dmg: 3 dmg
  1188 | D:2      | Huge Dmg: 14 dmg
  1190 | D:2      | Killed from afar by Ijyb

Illustrated notes

Levels and vault maps discovered:
D:1:      nzn_arrival_crosshair, layout_loops_ring, minmay_tiny_reverse_x
D:2:      kennysheep_the_goblin_king, layout_basic,
          ebering_ecumenical_altar_hall, uniq_crazy_yiuf_cottage, uniq_terence

Skill      XL: |  1  2 |
---------------+-------+-----
Short Blades   | 2 |  2.4
Stealth        | 5 |  5.0
Dodging        | |  2.6
Spellcasting   | |  2.9
Hexes          | |  3.8
Ice Magic      | |  0.6

Action                     || total
---------------------------++-------
  Melee: Dagger            ||    91
   Cast: Ensorcelled Hiber ||    17
    Use: Potion            ||     1
   Stab: Sleeping          ||    17
 Armour: Robe              ||    11
  Dodge: Dodged            ||    87

Table legend: (Time is in decaauts)
 A = Elapsed time spent in this place.
 B = Non-inter-level travel time spent in this place.
 C = Inter-level travel time spent in this place.
 D = Time resting spent in this place.
 E = Time spent auto-exploring this place.
 F = Levels seen in this place.
 G = Mean time per level.
                   A        B        C        D        E       F      G
               +--------+--------+--------+--------+--------+-----+--------+
         Total |    892 |    882 |     10 |     93 |    578 |   2 |  446.0 |
       Dungeon |    892 |    882 |     10 |     93 |    578 |   2 |  446.0 |
               +--------+--------+--------+--------+--------+-----+--------+

Top non-repeatable levels by time:
     D:1: 684 daAuts
     D:2: 208 daAuts
